Map: Chantier naval orbital

Players

Hauron

  • Race: Zerg Zerg
  • League: Diamond

Worming - Winner!

  • Race: Zerg Zerg
  • League: Diamond

VOD

Have the link to the VOD?

Description

Time

  • Played on: Nov. 23, 2015, 12:32 p.m.
  • Length: 11:43
Show
View Real Time Build Order
Export as new Build Order

Hauron Zerg 

Build Orders: Hatch First 

Get SALT Encoding   

  12  0:01  Drone  
  13  0:12  Overlord  
  13  0:17  Drone  
  14  0:30  Drone  
  14  0:31  Drone  
  14  0:34  Drone  
  17  0:45  Drone  
  18  0:57  Hatchery  
  18  1:00  Drone  
  18  1:09  Drone  
  19  1:19  Drone  
  19  1:21  Extractor  
  19  1:22  Spawning Pool  
  18  1:29  Overlord  
  18  1:38  Drone  
  19  1:52  Drone  
  20  2:00  Overlord  
  20  2:10  Queen  
  20  2:12  Queen  
  24  2:21  Zergling x6  
  28  2:22  Drone  
  28  2:31  Metabolic Boost  
  28  2:40  Baneling Nest  
  28  2:41  Drone x3  
  30  2:50  Drone  
  31  3:01  Drone x2  
  31  3:05  Overlord  
  33  3:16  Overlord  
  33  3:18  Hatchery  
  32  3:23  Drone x2  
  34  3:31  Baneling x2  
  34  3:32  Baneling x3, Zergling x4  
  36  3:34  Baneling  
  36  3:36  Zergling x2  
  36  3:39  Zergling x2  
  36  3:40  Zergling x2  
  39  3:50  Zergling x8  
  42  4:07  Drone x2  
  42  4:08  Drone x2  
  42  4:09  Drone x2  
  47  4:11  Drone x3  
  47  4:16  Overlord  
  50  4:19  Drone  
  51  4:25  Drone  
  51  4:29  Drone  
  51  4:30  Drone  
  54  4:35  Zergling x2  
  55  4:40  Queen, Zergling x2  
  55  4:43  Spine Crawler  
  57  4:53  Zergling x8  
  51  5:16  Overlord x2  
  51  5:20  Drone x6, Roach Warren  
  55  5:26  Drone x2  
  55  5:27  Evolution Chamber  
  55  5:28  Lair, Evolution Chamber  
  56  5:30  Drone x2, Extractor  
  56  5:31  Drone x2  
  56  5:33  Baneling  
  56  5:34  Drone  
  59  5:36  Baneling x2  
  59  5:41  Spine Crawler  
  58  5:50  Zergling x2, Overlord  
  59  6:02  Roach x2  
  59  6:03  Roach x2  
  67  6:11  Zergling x4  
  67  6:12  Zergling x12  
  64  6:21  Roach x3  
  71  6:25  Roach  
  69  6:34  Zerg Missile Weapons Level 1  
  69  6:38  Extractor  
  69  6:39  Extractor  
  67  6:40  Drone x3  
  67  6:41  Drone x2  
  67  6:45  Extractor  
  71  6:48  Drone  
  71  6:49  Drone x2  
  71  6:54  Drone  
  75  6:55  Extractor  
  74  7:03  Drone x2  
  74  7:04  Drone  
  77  7:10  Drone x4  
  77  7:24  Roach x4  
  77  7:25  Roach x3  
  91  7:33  Roach  
  93  7:37  Roach x2  
  93  7:38  Roach  
  93  7:39  Zergling x2, Roach  
  92  7:45  Roach  
  94  7:51  Roach  
  94  7:52  Roach  
  94  7:55  Roach Warren  
  97  8:04  Drone  
  95  8:17  Spine Crawler  
  95  8:19  Drone  
  96  8:20  Drone x2  
  96  8:21  Overlord  
  96  8:22  Overlord x5  
  96  8:24  Zerg Ground Armor Level 1  
  95  8:43  Roach  
  95  8:44  Roach x7  
  95  8:48  Ravager x2  
  101  8:50  Roach  
  101  8:53  Overlord  
  101  8:54  Roach x2  
  98  9:02  Roach x2  
  95  9:03  Hatchery, Roach x2  
  95  9:10  Roach x4  
  98  9:17  Roach x3  
  101  9:27  Ravager  
  102  9:33  Spine Crawler  
  102  9:35  Hatchery  
  102  9:36  Spine Crawler  
  99  9:45  Drone x2  
  99  9:46  Drone x3  
  99  9:49  Glial Reconstitution  
  104  10:00  Extractor  
  105  10:16  Roach x2  
  105  10:17  Roach x3  
  105  10:20  Ravager x3  
  112  10:37  Overseer  
  112  10:40  Ravager x2  
  112  10:42  Zergling x2, Roach  
  117  10:43  Zergling x8  
  121  10:55  Roach x2  
  125  11:00  Ravager  
  125  11:02  Roach x2  
  130  11:21  Roach x2  
  130  11:22  Roach x2  
  84  11:37  Ravager x2  
Show
View Real Time Build Order
Export as new Build Order

Worming Zerg - Winner!

Build Orders: Hatch First 

Get SALT Encoding   

  12  0:01  Drone  
  13  0:08  Drone  
  14  0:21  Extractor  
  14  0:22  Drone x2, Extractor  
  16  0:42  Hatchery  
  15  0:52  Overlord  
  15  1:00  Extractor  
  14  1:05  Spawning Pool  
  14  1:08  Drone  
  14  1:13  Drone  
  14  1:15  Drone  
  16  1:20  Drone  
  17  1:32  Drone  
  18  1:41  Drone  
  19  1:52  Queen  
  19  1:53  Queen  
  23  1:55  Zergling x2  
  23  1:59  Drone  
  25  2:05  Metabolic Boost  
  25  2:10  Drone  
  25  2:13  Drone  
  27  2:19  Overlord  
  27  2:29  Drone  
  28  2:37  Baneling Nest, Drone x3  
  30  2:45  Drone x2  
  32  2:56  Overlord  
  31  3:02  Zergling x2  
  31  3:03  Zergling x8  
  36  3:19  Drone x5  
  41  3:22  Evolution Chamber  
  40  3:33  Drone x4  
  44  3:36  Overlord  
  44  3:37  Extractor x2  
  42  3:42  Lair  
  41  4:09  Zerg Missile Weapons Level 1  
  40  4:11  Drone x3  
  40  4:12  Drone x3, Roach Warren  
  45  4:18  Drone x2  
  47  4:28  Hatchery  
  45  4:34  Zergling x10  
  50  4:41  Baneling  
  50  4:42  Baneling x2  
  50  4:50  Zergling x2  
  50  4:52  Overlord x2  
  51  4:55  Baneling  
  43  5:13  Glial Reconstitution  
  40  5:15  Roach x6  
  40  5:17  Queen  
  54  5:34  Drone x2  
  54  5:35  Drone  
  57  5:49  Baneling x2  
  57  5:50  Baneling x3  
  57  5:51  Roach  
  57  5:52  Roach x6  
  65  6:21  Roach x4  
  67  6:37  Overlord  
  67  6:39  Drone x5  
  74  6:40  Drone x2  
  74  6:41  Extractor  
  74  6:44  Overlord  
  74  6:54  Zergling x2  
  74  6:55  Zerg Missile Weapons Level 2, Queen x2  
  74  6:57  Drone x3  
  74  6:58  Drone  
  82  7:01  Overlord  
  82  7:02  Overlord x2  
  82  7:11  Overlord  
  82  7:12  Roach  
  82  7:13  Roach  
  88  7:22  Roach  
  88  7:23  Roach x4  
  88  7:25  Burrow  
  96  7:30  Zergling x2  
  97  7:39  Roach  
  97  7:40  Roach x4  
  95  7:47  Roach  
  95  7:48  Roach  
  99  7:52  Baneling x2  
  97  8:06  Overseer  
  91  8:14  Roach x10  
  91  8:19  Ravager  
  112  8:38  Zergling x2  
  99  8:52  Roach x6  
  99  8:53  Roach x7  
  112  9:13  Roach x6  
  118  9:32  Roach  
  118  9:33  Roach  
  118  9:34  Overlord x5  
  118  9:35  Spine Crawler  
  118  9:37  Drone  
  118  9:38  Spine Crawler  
  121  9:40  Overseer, Spine Crawler  
  120  9:53  Zergling x2  
  121  10:14  Roach x16  
  127  10:15  Roach  
  155  10:31  Roach x44  
  145  10:51  Extractor  
  145  10:52  Infestation Pit  
  143  10:58  Overlord  
  143  10:59  Overlord  
  144  11:04  Drone x3  
  144  11:05  Drone x3, Extractor  
  144  11:09  Spire  
  147  11:14  Overlord  
Tags
 
Add a new tag
Caveats
  • Supply blocks, unpowered buildings, or Contaminate may cause inaccurate times.
  • Supply counts are checked every 10 seconds.